[Event "Titled Tuesday Blitz May 23 Early 2023"]
[White "Kostiukov, Alexandr"]
[Black "Cramling Bellon, Anna"]
[WhiteFideId "14108100"]
[BlackFideId "32009232"]
[WhiteElo "2202"]
[BlackElo "1976"]
[Result "0-1"]
[Round "06"]
[TimeControl "180+2"]
[Date "2023.05.23"]
[WhiteClock "0:00:00"]
[BlackClock "0:00:04"]

1. e4 c5 2. Nf3 e6 3. d4 cxd4 4. Nxd4 Nf6 5. Nc3 Nc6 6. Be3 Bb4 7. f3 d5 8. Nxc6 bxc6 9. Qd4 c5 10. Qe5 d4 11. O-O-O Bxc3 12. bxc3 Qa5 13. cxd4 Qa3+ 14. Kd2 Qb4+ 15. Ke2 Ba6+ 16. Kf2 Bb7 17. dxc5 Bxe4 18. fxe4 Ng4+ 19. Kg3 Nxe5 20. Rb1 Qxb1 21. h3 Qe1+ 22. Bf2 Qxe4 23. Kh2 Qf4+ 24. Bg3 Qf6 25. Bb5+ Ke7 26. Re1 Nd7 27. Bd6+ Kd8 28. c6 Nb6 29. c7+ Kc8 30. Ba6+ Kd7 31. Rd1 Nd5 32. Bg3 Rhc8 33. Bb5+ Ke7 34. c4 Rxc7 35. cxd5 Rc5 36. d6+ Kd8 37. Bf1 Rf5 38. Be2 Re5 39. Bf3 Rb8 40. Rc1 Rd5 41. Bxd5 exd5 42. Re1 Kd7 43. Rc1 Qxd6 44. Bxd6 Kxd6 45. Rf1 Rb7 46. Rf5 f6 47. Rf2 h6 48. Rc2 Rc7 49. Kg1 Rxc2 0-1


[Site "https://www.chess.com"]

[Event "Titled Tuesday Blitz May 23 Early 2023"]
[White "Hartikainen, Jarmo"]
[Black "Dilmukhametov, Artur"]
[WhiteFideId "503134"]
[BlackFideId "24179922"]
[WhiteElo "2075"]
[BlackElo "2242"]
[Result "1-0"]
[Round "06"]
[TimeControl "180+2"]
[Date "2023.05.23"]
[WhiteClock "0:00:33"]
[BlackClock "0:00:39"]

1. e4 e6 2. d4 d5 3. Nd2 Nf6 4. e5 Nfd7 5. Bd3 c5 6. c3 Nc6 7. Ne2 cxd4 8. cxd4 f6 9. exf6 Nxf6 10. O-O Bd6 11. Nf3 O-O 12. Nc3 Qc7 13. Nb5 Qe7 14. Nxd6 Qxd6 15. h3 Bd7 16. Re1 Rf7 17. Ne5 Re7 18. Bf4 Qb4 19. a3 Qb6 20. Be3 Rf8 21. b4 a6 22. Rc1 Ne4 23. Bxe4 dxe4 24. d5 Qc7 25. dxc6 Qxe5 26. cxd7 Rd8 27. Rc8 Rxd7 28. Rxd8+ Rxd8 29. Qxd8+ 1-0


[Site "https://www.chess.com"]

[Event "Titled Tuesday Blitz May 23 Early 2023"]
[White "Hon, Eric"]
[Black "Lohani, Sujana"]
[WhiteFideId "2097117"]
[BlackFideId "12311987"]
[WhiteElo "1918"]
[BlackElo "1718"]
[Result "1-0"]
[Round "06"]
[TimeControl "180+2"]
[Date "2023.05.23"]
[WhiteClock "0:00:25"]
[BlackClock "0:00:00"]

1. e4 c6 2. d4 d5 3. f3 dxe4 4. fxe4 Nf6 5. Nf3 Nxe4 6. Bc4 e6 7. O-O Be7 8. c3 O-O 9. Nbd2 Nd6 10. Bd3 Nd7 11. b3 Nf6 12. Bb2 b6 13. Qc2 h6 14. Ne5 c5 15. dxc5 bxc5 16. Nc6 Qc7 17. Nxe7+ Qxe7 18. Rad1 Bb7 19. c4 e5 20. Rfe1 e4 21. Bxf6 Qxf6 22. Nxe4 Nxe4 23. Bxe4 Bxe4 24. Rxe4 Rad8 25. Rf1 Qg6 26. Re2 Qg5 27. h3 Rfe8 28. Ref2 Re7 29. Qf5 Qxf5 30. Rxf5 Rd2 31. R1f2 Rd1+ 32. Kh2 f6 33. Rxc5 Ree1 34. Rc7 Rh1+ 35. Kg3 Rd3+ 36. Rf3 Rxf3+ 37. Kxf3 Ra1 38. Rxa7 Kh7 39. c5 Kg6 40. c6 Rc1 41. c7 1-0


[Site "https://www.chess.com"]

[Event "Titled Tuesday Blitz May 23 Early 2023"]
[White "Svane, Frederik"]
[Black "Sarana, Alexey"]
[WhiteFideId "12923044"]
[BlackFideId "24133795"]
[WhiteElo "2502"]
[BlackElo "2714"]
[Result "1/2-1/2"]
[Round "07"]
[TimeControl "180+2"]
[Date "2023.05.23"]
[WhiteClock "0:00:04"]
[BlackClock "0:00:13"]

1. e4 c5 2. Nf3 d6 3. d4 cxd4 4. Qxd4 Nc6 5. Qe3 g6 6. Bc4 Bg7 7. O-O Nf6 8. Rd1 O-O 9. h3 Qc7 10. Nc3 a6 11. a4 Nb4 12. Bb3 Be6 13. Qe2 Bxb3 14. cxb3 e6 15. Bf4 Rfd8 16. Rac1 Qb6 17. Bg5 h6 18. Be3 Qa5 19. Qd2 Kh7 20. Na2 Nc6 21. Qxa5 Nxa5 22. Bb6 Nxb3 23. Rc3 Nc5 24. Rxc5 dxc5 25. Bxd8 Nxe4 26. Bb6 Bxb2 27. Rd7 Kg8 28. Rxb7 Rc8 29. Rc7 Rd8 30. Bxc5 Rd1+ 31. Kh2 Ra1 32. Nb4 Rxa4 33. Nd3 Bf6 34. Be3 Ra5 35. Ra7 g5 36. Nb4 Ra4 37. Nxa6 Rc4 38. Rc7 Ra4 39. Nc5 Nxc5 40. Rxc5 Kg7 41. Rc7 Kg6 42. Rd7 h5 43. g3 g4 44. hxg4 hxg4 45. Ng1 e5 46. Kg2 Ra2 47. Rd1 Kf5 48. Re1 Be7 49. Ne2 Bb4 50. Rb1 Ba5 51. Nc1 Rc2 52. Nd3 f6 53. Rb5 Bc7 54. Nc5 Bd6 55. Nb7 Be7 56. Rb6 Rc7 57. Na5 Rd7 58. Nc6 Bf8 59. Ra6 Rc7 60. Nd8 Be7 61. Ne6 Rc8 62. Ng7+ Kg6 63. Ra7 Bd6 64. Ne6 Kf5 65. Ng7+ Kg6 66. Rd7 Bb4 67. Ne6 Kf5 68. Nc7 Ba3 69. Nd5 Ke6 70. Ra7 Bf8 71. Nb6 Rc6 72. Na4 Kf5 73. Ra8 Bd6 74. Nb6 Be7 75. Nd5 Bd6 76. Rd8 Ke6 77. Nb6 Bc7 78. Rc8 Rxb6 79. Rxc7 Ra6 80. Rc4 Kf5 81. Rc2 Rd6 82. Rd2 Re6 83. Kf1 Rc6 84. Ke2 Ra6 85. Kd3 Ra4 86. Rb2 Ra3+ 87. Kc4 Ke4 88. Kc5 Ra5+ 89. Kc4 f5 90. Kc3 Ra3+ 91. Kd2 Ra4 92. Rb5 f4 93. gxf4 exf4 94. Bb6 Kf3 95. Rb3+ Kg2 96. Rb2 g3 97. Kd3 Kf3 98. fxg3 fxg3 99. Bd4 Ra3+ 100. Kc4 Ra8 101. Rb7 Rg8 102. Rf7+ Ke4 103. Re7+ Kf4 104. Kd3 Kf3 105. Rf7+ Kg4 106. Ke4 g2 107. Rf4+ Kh3 108. Rf3+ Kh2 109. Be5+ Kg1 110. Bd4+ Kh2 111. Be5+ Kh1 112. Rh3+ Kg1 113. Bd4+ Kf1 114. Rf3+ Ke2 115. Rf2+ Ke1 116. Ra2 g1=Q 117. Ra1+ Ke2 118. Bxg1 Rg4+ 119. Kf5 Rb4 120. Bh2 Rb5+ 121. Be5 Kd3 122. Ra4 Rd5 123. Ra3+ Kc4 124. Ke4 Rd7 125. Rc3+ Kb4 126. Rc1 Kb5 127. Bd4 Rd8 128. Ke5 Re8+ 129. Kd5 Rd8+ 130. Ke4 Rd7 131. Rb1+ Kc4 132. Be5 Rd8 133. Rb7 Kc5 134. Rc7+ Kb6 135. Rc3 Kb5 136. Bd4 Re8+ 137. Kd3 Rd8 138. Rc5+ Kb4 139. Rc7 Rb8 140. Rc1 Rb5 141. Rb1+ Ka4 142. Ra1+ Kb4 143. Bc3+ Kc5 144. Rg1 Kd5 145. Rg5+ Kc6 146. Rg6+ Kd7 147. Kc4 Rf5 148. Bd4 Ke7 149. Kd3 Kf7 150. Rc6 Rd5 151. Ke4 Rb5 152. Be5 Ke7 153. Kf5 Rb7 154. Rh6 Kd7 155. Rd6+ Ke7 156. Rd3 Rd7 157. Rh3 Kf7 158. Rh7+ Ke8 159. Rh8+ Kf7 160. Rb8 Ke7 161. Rb6 Kf7 162. Rf6+ Ke7 163. Ra6 Kf7 164. Ra5 Ke7 165. Bf6+ Kd6 166. Ra6+ Kc5 167. Ra5+ 1/2-1/2


[Site "https://www.chess.com"]

[Event "Titled Tuesday Blitz May 23 Early 2023"]
[White "Babazada, Khazar"]
[Black "Bortnyk, Olexandr"]
[WhiteFideId "13413554"]
[BlackFideId "14120828"]
[WhiteElo "2351"]
[BlackElo "2734"]
[Result "1/2-1/2"]
[Round "07"]
[TimeControl "180+2"]
[Date "2023.05.23"]
[WhiteClock "0:00:11"]
[BlackClock "0:00:10"]

1. e4 Nf6 2. Nc3 d6 3. d4 e5 4. Nf3 Nbd7 5. Bc4 Be7 6. O-O c6 7. a4 Qc7 8. a5 O-O 9. h3 h6 10. Ba2 Re8 11. Re1 Nf8 12. Be3 Be6 13. Nd2 Bxa2 14. Rxa2 exd4 15. Bxd4 Ne6 16. Be3 d5 17. exd5 Nxd5 18. Nxd5 cxd5 19. c3 a6 20. Nf3 Qc6 21. Ra4 Bf6 22. Rg4 h5 23. Rb4 Rad8 24. Bb6 Rc8 25. Ne5 Bxe5 26. Rxe5 d4 27. Qxh5 Nf4 28. Rxe8+ Rxe8 29. Qg4 Re4 30. Qf3 Re1+ 31. Kh2 Qxf3 32. gxf3 d3 33. Be3 Nd5 34. Rd4 Nxe3 35. fxe3 Rxe3 36. Kg3 Re2 37. b4 d2 38. h4 f6 39. f4 Re3+ 40. Kg4 Rxc3 41. Rxd2 Rc4 42. Rb2 Kf7 43. h5 Rd4 44. Rb3 Rd5 45. Rb2 Rb5 46. Rb3 Kg8 47. Rb2 Kh7 48. Rb3 Kh6 49. f5 Rd5 50. Kf4 Rd4+ 51. Ke3 Rg4 52. Kf3 Rc4 53. Rd3 Rxb4 54. Rd7 Rb5 55. Ke4 Re5+ 56. Kf4 Rb5 57. Kg4 Rxa5 58. Rxb7 Ra4+ 59. Kf3 a5 60. Ra7 Ra1 61. Kf4 a4 62. Ra8 Kh7 63. h6 a3 64. hxg7 Kxg7 65. Ra7+ Kh6 66. Kg3 a2 67. Kg2 Kg5 68. Ra5 Kg4 69. Kh2 Kf3 70. Ra3+ Ke4 71. Ra5 Kd4 72. Kg2 Kc3 73. Ra8 Kc4 74. Kh2 Kb3 75. Rb8+ Kc3 76. Rc8+ Kd4 77. Ra8 Ke4 78. Ra5 Kd3 79. Ra8 Kc4 80. Rc8+ Kb3 81. Rb8+ Kc3 82. Rc8+ Kd4 83. Ra8 Ke5 84. Ra5+ Kd6 85. Kg2 Kc6 86. Ra6+ Kb7 87. Ra3 Kb6 88. Kh2 Kc7 89. Kg2 Kd7 90. Kh2 Ke7 91. Kg2 Kf7 92. Kh2 Kg7 93. Kg2 Kh6 94. Kh2 Kh5 95. Ra4 Kg5 96. Ra5 Rf1 97. Rxa2 Rxf5 98. Kg3 Rb5 99. Ra4 Rb3+ 100. Kg2 f5 101. Rc4 Ra3 102. Rb4 Rd3 103. Kf2 Kf6 104. Ra4 Ke5 105. Ra5+ Kf4 106. Ra4+ Kg5 107. Rb4 Ra3 108. Kg2 Ra2+ 109. Kf3 Ra1 110. Kf2 Rh1 111. Kg2 Rh7 112. Ra4 Rb7 113. Rc4 Ra7 114. Rb4 Ra5 115. Rc4 Kf6 116. Rb4 Ke5 117. Kf2 Kd5 118. Rh4 Ra2+ 119. Kf3 Ra3+ 120. Kf2 Rd3 121. Rb4 Ke5 122. Ra4 Rd2+ 123. Kf3 Rd5 124. Rb4 Rd3+ 125. Kf2 Rc3 126. Ra4 f4 127. Rb4 Rc2+ 128. Kf3 Rc1 129. Ra4 Rf1+ 130. Ke2 Rh1 131. Kf3 Rh4 132. Re4+ Kf5 133. Ra4 Rh3+ 134. Kf2 Rh2+ 135. Kf3 Rh3+ 136. Kf2 Kg4 137. Ra8 Rh2+ 138. Kg1 Rb2 139. Ra3 Re2 140. Kf1 Rh2 141. Rb3 Rh1+ 142. Kf2 Ra1 143. Rc3 Ra4 144. Rb3 Ra2+ 145. Kf1 Rc2 146. Ra3 Rc1+ 147. Kf2 Rc4 148. Rb3 Rc8 149. Ra3 Rh8 150. Rb3 Rh2+ 151. Kf1 Kh4 152. Ra3 Rd2 153. Rb3 Rd5 154. Kf2 Kg4 155. Ra3 Rb5 156. Rc3 Rb4 157. Ra3 f3 158. Ra8 Rb2+ 159. Kf1 Kg3 160. Rg8+ Kf4 161. Rf8+ Ke3 162. Re8+ Kf4 163. Rf8+ Ke3 164. Re8+ Kf4 165. Rf8+ 1/2-1/2


[Site "https://www.chess.com"]

[Event "Titled Tuesday Blitz May 23 Early 2023"]
[White "Grischuk, Alexander"]
[Black "Bacrot, Etienne"]
[WhiteFideId "4126025"]
[BlackFideId "605506"]
[WhiteElo "2721"]
[BlackElo "2672"]
[Result "1-0"]
[Round "07"]
[TimeControl "180+2"]
[Date "2023.05.23"]
[WhiteClock "0:00:05"]
[BlackClock "0:00:01"]

1. d4 Nf6 2. Nf3 d5 3. Bg5 Ne4 4. Bh4 c5 5. e3 Nc6 6. Nbd2 Qb6 7. dxc5 Nxc5 8. c4 Bf5 9. cxd5 Nb4 10. Nd4 Nbd3+ 11. Bxd3 Bxd3 12. N2b3 e5 13. dxe6 Qb4+ 14. Qd2 Ne4 15. Qxb4 Bxb4+ 16. Kd1 fxe6 17. f3 Nf6 18. a3 Be7 19. Nxe6 Kf7 20. Ned4 Rad8 21. Rc1 Rd7 22. Nc5 Bxc5 23. Rxc5 Nd5 24. Kd2 Ba6 25. Rhc1 Re8 26. Bf2 Kg8 27. Rc8 Kf7 28. Rxe8 Kxe8 29. g3 Nf6 30. e4 g5 31. g4 h5 32. h3 Kf7 33. Rc5 hxg4 34. hxg4 Kg6 35. Be3 Rh7 36. Rxg5+ Kf7 37. Rf5 Rh2+ 38. Kc3 Kg6 39. Ne6 Nd7 40. Bd4 Be2 41. Nf4+ Kh7 42. Nxe2 1-0


[Site "https://www.chess.com"]

[Event "Titled Tuesday Blitz May 23 Early 2023"]
[White "Kramnik, Vladimir"]
[Black "Averjanov, Alexey"]
[WhiteFideId "4101588"]
[BlackFideId "14109867"]
[WhiteElo "2703"]
[BlackElo "2788"]
[Result "1-0"]
[Round "07"]
[TimeControl "180+2"]
[Date "2023.05.23"]
[WhiteClock "0:01:02"]
[BlackClock "0:00:02"]

1. e4 c6 2. d4 d5 3. Nd2 dxe4 4. Nxe4 Bf5 5. Ng3 Bg6 6. h4 h6 7. Be3 e6 8. h5 Bh7 9. Bd3 Bxd3 10. Qxd3 Nf6 11. O-O-O Be7 12. Kb1 Nbd7 13. N1e2 O-O 14. Nf4 Nd5 15. Ne4 Nxf4 16. Bxf4 Nf6 17. Nxf6+ Bxf6 18. g4 b5 19. Rhg1 Qd5 20. Qe3 Rfd8 21. g5 Bxd4 22. Qg3 hxg5 23. Bxg5 Rd7 24. Be3 Bf6 25. Rxd5 Rxd5 26. h6 g6 27. Qc7 Rad8 28. c3 c5 29. h7+ Kg7 30. Bh6+ Kxh6 31. Qxf7 Bh4 32. Qxg6# 1-0


[Site "https://www.chess.com"]

[Event "Titled Tuesday Blitz May 23 Early 2023"]
[White "Sviridov, Valery"]
[Black "Talibov, Shiroghlan"]
[WhiteFideId "4120680"]
[BlackFideId "13429078"]
[WhiteElo "2457"]
[BlackElo "2188"]
[Result "1-0"]
[Round "07"]
[TimeControl "180+2"]
[Date "2023.05.23"]
[WhiteClock "0:00:06"]
[BlackClock "0:00:01"]

1. d4 Nf6 2. Nf3 e6 3. e3 d5 4. Nbd2 a6 5. Bd3 b6 6. e4 dxe4 7. Nxe4 Bb7 8. Qe2 Nbd7 9. O-O Be7 10. Rd1 O-O 11. Bf4 Nxe4 12. Bxe4 Bxe4 13. Qxe4 Nf6 14. Qc6 Bd6 15. Ne5 Qe8 16. Qf3 Nd7 17. Nc6 Nf6 18. Bd2 Nd5 19. Ne5 Bxe5 20. dxe5 b5 21. b3 b4 22. c4 bxc3 23. Bxc3 Qb5 24. Rac1 Rfd8 25. h4 h6 26. Bd4 Rd7 27. Rc4 Rad8 28. Rdc1 Ne7 29. Rxc7 Nf5 30. Rxd7 Rxd7 31. Bc3 Nxh4 32. Qa8+ Kh7 33. Qe4+ Ng6 34. Re1 Kg8 35. Qa8+ Kh7 36. Qe4 Kg8 37. g3 Ne7 38. Bb4 Nf5 39. Bc3 Qc5 40. Bb4 Qb6 41. Rc1 Rd4 42. Rc8+ Kh7 43. Bc5 Rd1+ 44. Kh2 Qb5 45. g4 Qd7 46. Ra8 Rd5 47. Ra7 Qc6 48. Bd4 Qc1 49. gxf5 Qg5 50. fxe6+ Kh8 51. Ra8+ 1-0


[Site "https://www.chess.com"]

[Event "Titled Tuesday Blitz May 23 Early 2023"]
[White "Hakobyan, Aram"]
[Black "Beerdsen, Thomas"]
[WhiteFideId "13306677"]
[BlackFideId "1030108"]
[WhiteElo "2584"]
[BlackElo "2549"]
[Result "1-0"]
[Round "07"]
[TimeControl "180+2"]
[Date "2023.05.23"]
[WhiteClock "0:00:39"]
[BlackClock "0:00:48"]

1. Nf3 b5 2. e4 Bb7 3. Bxb5 Bxe4 4. O-O Nc6 5. d4 Nf6 6. Nbd2 Rb8 7. Nxe4 Rxb5 8. c4 Rf5 9. Nh4 Ra5 10. Nxf6+ gxf6 11. d5 Ne5 12. b3 c6 13. Bd2 Ra6 14. Bc3 cxd5 15. cxd5 Rg8 16. Nf3 Bg7 17. Re1 d6 18. Qe2 Qb6 19. Bd4 Nxf3+ 20. Qxf3 Qxd4 21. Qe2 Bf8 22. Qxa6 Rxg2+ 23. Kxg2 Qg4+ 24. Kf1 Qh3+ 25. Ke2 Qg4+ 26. Kd2 Qd4+ 27. Kc2 Qxf2+ 28. Re2 Qf5+ 29. Kb2 Bh6 30. Qxa7 1-0


[Site "https://www.chess.com"]

[Event "Titled Tuesday Blitz May 23 Early 2023"]
[White "Zherebukh, Yaroslav"]
[Black "Svane, Rasmus"]
[WhiteFideId "14116804"]
[BlackFideId "4657101"]
[WhiteElo "2531"]
[BlackElo "2601"]
[Result "0-1"]
[Round "07"]
[TimeControl "180+2"]
[Date "2023.05.23"]
[WhiteClock "0:00:00"]
[BlackClock "0:01:05"]

1. e4 c6 2. Nc3 d5 3. Nf3 dxe4 4. Nxe4 Nf6 5. Qe2 Nxe4 6. Qxe4 Qa5 7. Bc4 Bf5 8. Qf4 e6 9. Bb3 Qd8 10. d4 Bd6 11. Qe3 O-O 12. Bd2 Nd7 13. O-O-O a5 14. a3 b5 15. Ne5 Nxe5 16. dxe5 Be7 17. f3 c5 18. g4 Bg6 19. h4 h6 20. h5 Bh7 21. f4 c4 22. Ba2 Qc7 23. g5 Bf5 24. Qg3 Kh8 25. Rdg1 Rg8 26. c3 b4 27. a4 Rad8 28. Rh2 Rd3 29. Qe1 Qd7 30. Bb1 Qxa4 31. Rhg2 bxc3 32. Bxc3 hxg5 33. fxg5 Bc5 34. g6 Be3+ 35. Qxe3 Rxe3 36. gxf7 Rxc3+ 37. bxc3 Qa3+ 38. Kd2 Rd8+ 0-1


[Site "https://www.chess.com"]

[Event "Titled Tuesday Blitz May 23 Early 2023"]
[White "Cordova, Emilio"]
[Black "Mahdavi, Reza"]
[WhiteFideId "3801497"]
[BlackFideId "12595926"]
[WhiteElo "2607"]
[BlackElo "2352"]
[Result "1/2-1/2"]
[Round "07"]
[TimeControl "180+2"]
[Date "2023.05.23"]
[WhiteClock "0:01:27"]
[BlackClock "0:01:27"]

1. d4 Nf6 2. Nf3 g6 3. c4 Bg7 4. Nc3 O-O 5. g3 d6 6. Bg2 Nbd7 7. O-O e5 8. e4 exd4 9. Nxd4 Nc5 10. f3 c6 11. Be3 Re8 12. Bf2 Nfd7 13. b3 Ne5 14. Nde2 a5 15. Qc2 f5 16. Nf4 fxe4 17. Nxe4 Nxe4 18. fxe4 Ng4 19. Rad1 Nxf2 20. Qxf2 Bg4 21. Bf3 Bxf3 22. Qxf3 Qe7 23. Kg2 a4 24. Rf2 axb3 25. axb3 Ra3 26. Re2 Rf8 27. Qg4 Rxb3 28. Qe6+ Qxe6 29. Nxe6 Re8 30. Nxg7 Kxg7 31. Rxd6 Re7 32. e5 Rc3 33. Re4 b5 34. Rxc6 Rxc4 1/2-1/2


[Site "https://www.chess.com"]

[Event "Titled Tuesday Blitz May 23 Early 2023"]
[White "Demchenko, Anton"]
[Black "Hayrapetyan, Hovik"]
[WhiteFideId "4160258"]
[BlackFideId "13302639"]
[WhiteElo "2545"]
[BlackElo "2348"]
[Result "1-0"]
[Round "07"]
[TimeControl "180+2"]
[Date "2023.05.23"]
[WhiteClock "0:00:08"]
[BlackClock "0:00:01"]

1. e4 c5 2. Nc3 d6 3. Bb5+ Bd7 4. a4 Nf6 5. f4 g6 6. Nf3 Bg7 7. e5 Nh5 8. O-O Nxf4 9. d4 cxd4 10. Qxd4 Bxb5 11. axb5 Ne6 12. Qe4 Nd7 13. exd6 Ndc5 14. dxe7 Qxe7 15. Qe2 O-O 16. Nd5 Qd6 17. c4 Rfe8 18. Qc2 Nd4 19. Nxd4 Bxd4+ 20. Kh1 f5 21. Bf4 Be5 22. Rad1 Ne4 23. Bxe5 Qxe5 24. b3 Rad8 25. Qd3 h5 26. Qe3 Kh7 27. Qxa7 Rd7 28. Qd4 Qxd4 29. Rxd4 h4 30. Rxe4 Rxe4 31. Nf6+ Kg7 32. Nxd7 Re3 33. Nc5 Kf6 34. Nxb7 g5 35. Nc5 g4 36. b6 h3 37. gxh3 1-0


[Site "https://www.chess.com"]

[Event "Titled Tuesday Blitz May 23 Early 2023"]
[White "Sjugirov, Sanan"]
[Black "Sattarov, Bobir"]
[WhiteFideId "4189302"]
[BlackFideId "14203081"]
[WhiteElo "2569"]
[BlackElo "2351"]
[Result "1-0"]
[Round "07"]
[TimeControl "180+2"]
[Date "2023.05.23"]
[WhiteClock "0:00:02"]
[BlackClock "0:00:00"]

1. d4 Nf6 2. c4 e6 3. e3 d5 4. Nc3 Be7 5. cxd5 exd5 6. Bd3 O-O 7. Nge2 c6 8. O-O Re8 9. Rb1 a5 10. f3 Nbd7 11. e4 g6 12. e5 Nh5 13. f4 f5 14. Be3 Nf8 15. a3 b5 16. a4 b4 17. Na2 Ne6 18. Nac1 c5 19. Bb5 c4 20. Bxe8 Qxe8 21. Kh1 Ba6 22. Ng1 Rc8 23. Rf2 Bh4 24. g3 Bd8 25. Nf3 Bb6 26. Ne2 Rc7 27. Neg1 c3 28. Rc1 Qc8 29. bxc3 Rxc3 30. Rfc2 Qc4 31. Rxc3 bxc3 32. Qc2 Nxd4 33. Qxc3 Nb3 34. Qxc4 dxc4 35. Rc3 Bd8 36. Kg2 Ng7 37. Nd2 Nxd2 38. Bxd2 Ne6 39. Rc1 Nc5 40. Ne2 Kf7 41. Nc3 Bb7+ 42. Kf1 Nb3 43. Rd1 Bf3 44. Ne2 Nc5 45. Bc3 Bc7 46. Rb1 Nb3 47. Nd4 Bd5 48. Nxb3 cxb3 49. Ke2 Bc4+ 50. Kd2 Ke6 51. Rc1 Kd5 52. Bb2 Bb6 53. Rd1 Ke4 54. Re1+ Kf3 55. e6 Bf2 56. Re5 g5 57. e7 Bf7 58. e8=Q Bxe8 59. Rxe8 g4 60. Re5 Bg1 61. Rxf5 Bxh2 62. Rh5 Bxg3 63. f5 Bf4+ 64. Kd3 g3 65. Rh3 Kg4 66. Rxh7 g2 67. Rg7+ Bg5 68. Bd4 b2 69. Kc2 Kxf5 70. Kxb2 1-0


[Site "https://www.chess.com"]

[Event "Titled Tuesday Blitz May 23 Early 2023"]
[White "Matlakov, Maxim"]
[Black "Kilic, Eray"]
[WhiteFideId "4168003"]
[BlackFideId "44517173"]
[WhiteElo "2666"]
[BlackElo "2328"]
[Result "1-0"]
[Round "07"]
[TimeControl "180+2"]
[Date "2023.05.23"]
[WhiteClock "0:00:25"]
[BlackClock "0:00:06"]

1. Nf3 Nf6 2. d4 g6 3. e3 Bg7 4. Be2 O-O 5. O-O d5 6. b4 a5 7. b5 c5 8. bxc6 Nxc6 9. a4 Ne4 10. Nfd2 Nd6 11. Na3 e5 12. c3 Re8 13. Nb5 Bf5 14. Ba3 Bf8 15. Qb3 exd4 16. cxd4 Nxb5 17. Bxb5 Bxa3 18. Qxa3 Rc8 19. Rac1 Qg5 20. Nf3 Qf6 21. Rc5 Red8 22. Bxc6 Rxc6 23. Rxa5 Rdc8 24. Rc5 Qd6 25. Qb2 Rxc5 26. dxc5 Qe7 27. Nd4 Bd3 28. Rd1 Bc4 29. Rb1 Rxc5 30. Qxb7 Qxb7 31. Rxb7 Ba6 32. Rb1 Ra5 33. Rb4 Kg7 34. h4 Bc8 35. Nb3 Ra7 36. a5 Ba6 37. Nc5 Bc4 38. a6 Rc7 39. Ra4 Bb5 40. a7 Bc6 41. Ra5 Ba8 42. Kh2 Re7 43. Kg3 h6 44. Ra6 h5 45. Na4 d4 46. exd4 Re4 47. d5 Rg4+ 48. Kh3 Rd4 49. Nb6 Rd3+ 50. f3 Ra3 51. Rxa3 1-0


[Site "https://www.chess.com"]

[Event "Titled Tuesday Blitz May 23 Early 2023"]
[White "Zakhartsov, Vladimir"]
[Black "Fernandez Guillen, Ernesto J."]
[WhiteFideId "4145097"]
[BlackFideId "3512428"]
[WhiteElo "2495"]
[BlackElo "2429"]
[Result "1-0"]
[Round "07"]
[TimeControl "180+2"]
[Date "2023.05.23"]
[WhiteClock "0:00:04"]
[BlackClock "0:00:00"]

1. e4 e5 2. Nf3 Nc6 3. Nc3 g6 4. d4 exd4 5. Nxd4 Bg7 6. Be3 Nge7 7. Bc4 O-O 8. O-O Ne5 9. Be2 d5 10. f4 Nd7 11. exd5 Nf6 12. f5 Nexd5 13. Nxd5 Nxd5 14. Bf2 c5 15. Nb3 Bxf5 16. Bf3 Nb4 17. Bxc5 Nxc2 18. Bxf8 Qxf8 19. Bxb7 Nxa1 20. Qxa1 Rd8 21. Bf3 Qb4 22. Qc1 Qb6+ 23. Kh1 a5 24. Qc6 Qb8 25. Nxa5 Qxb2 26. a4 Rc8 27. Qb5 Qc3 28. Qd5 Bf6 29. Nc6 Kg7 30. a5 Be6 31. Qe4 Bf5 32. Qd5 Be6 33. Qd6 Qc4 34. Rd1 h5 35. h3 h4 36. Nd4 Bxd4 37. Qxd4+ Qxd4 38. Rxd4 Rc1+ 39. Rd1 Rxd1+ 40. Bxd1 Bc4 41. Kg1 Ba6 42. Kf2 Kf6 43. Be2 Bb7 44. a6 Bd5 45. Bf3 1-0


[Site "https://www.chess.com"]

[Event "Titled Tuesday Blitz May 23 Early 2023"]
[White "Papasimakopoulos, Alexandros"]
[Black "Narayanan, Srinath"]
[WhiteFideId "4244125"]
[BlackFideId "5018420"]
[WhiteElo "2359"]
[BlackElo "2438"]
[Result "0-1"]
[Round "07"]
[TimeControl "180+2"]
[Date "2023.05.23"]
[WhiteClock "0:00:04"]
[BlackClock "0:01:08"]

1. d4 Nf6 2. c4 e6 3. Nc3 Bb4 4. e3 b6 5. Bd2 Bb7 6. Nf3 Bxc3 7. Bxc3 Ne4 8. Rc1 O-O 9. Bd3 f5 10. O-O d6 11. Be1 Nd7 12. Nd2 Qg5 13. f4 Qg6 14. Nxe4 Bxe4 15. Bxe4 fxe4 16. Qa4 Nf6 17. h3 Qe8 18. Qxe8 Rfxe8 19. Bh4 Nd7 20. b4 a5 21. b5 a4 22. a3 e5 23. fxe5 dxe5 24. Bg3 exd4 25. exd4 Rac8 26. Rfe1 c6 27. bxc6 Rxc6 28. d5 Rg6 29. Kh2 Nc5 30. Rc3 Kf7 31. Bf2 Nd3 32. Rf1 Rf6 33. Kg1 e3 34. Bh4 Rxf1+ 35. Kxf1 e2+ 36. Kg1 e1=Q+ 37. Bxe1 Rxe1+ 38. Kh2 Nc5 39. Rf3+ Ke7 40. h4 Re4 41. Kh3 Rxc4 42. Rg3 g6 43. h5 gxh5 44. Rg7+ Kd6 45. Rxh7 Kxd5 46. Rxh5+ Kd6 47. Rh6+ Ne6 48. g4 Rc3+ 49. Kh4 Rxa3 50. g5 Ra1 51. Kg4 Rg1+ 52. Kf5 Rxg5+ 53. Ke4 a3 54. Kd3 a2 55. Rh1 Ra5 56. Ra1 b5 57. Kc3 Kc5 58. Kb2 Nd4 59. Rc1+ Kd5 60. Ra1 b4 0-1


[Site "https://www.chess.com"]

[Event "Titled Tuesday Blitz May 23 Early 2023"]
[White "Fridman, Daniel"]
[Black "Nazari, Arad"]
[WhiteFideId "11600454"]
[BlackFideId "12577324"]
[WhiteElo "2525"]
[BlackElo "2175"]
[Result "1-0"]
[Round "07"]
[TimeControl "180+2"]
[Date "2023.05.23"]
[WhiteClock "0:00:14"]
[BlackClock "0:00:00"]

1. d4 Nf6 2. Nf3 g6 3. g3 Bg7 4. Bg2 O-O 5. c4 c6 6. Nc3 d5 7. cxd5 cxd5 8. Ne5 Nc6 9. O-O Bf5 10. Nxc6 bxc6 11. Bg5 h6 12. Bf4 h5 13. Rc1 Rc8 14. Qd2 h4 15. gxh4 Qd7 16. Rfd1 Bh3 17. Bg3 Nh5 18. Na4 Bxg2 19. Kxg2 Qf5 20. Nc5 e5 21. dxe5 Bxe5 22. Qg5 Bxb2 23. Qxf5 gxf5 24. Rc2 Ba3 25. Be5 Rfe8 26. Bd4 Nf4+ 27. Kf3 Bxc5 28. Bxc5 Re4 29. Bxa7 Ng6 30. h5 Ne5+ 31. Kg2 Nc4 32. f3 Rh4 33. Bf2 Rxh5 34. e4 fxe4 35. fxe4 Kh7 36. exd5 cxd5 37. Kh1 Rf5 38. Bd4 Ra8 39. Rg1 Ra4 40. Rc3 Rh5 41. Rf3 f5 42. Rb3 Nd6 43. Be5 Ra6 44. Rb8 1-0


[Site "https://www.chess.com"]

[Event "Titled Tuesday Blitz May 23 Early 2023"]
[White "Matinian, Nikita"]
[Black "Quesada Perez, Yuniesky"]
[WhiteFideId "24129100"]
[BlackFideId "3504409"]
[WhiteElo "2422"]
[BlackElo "2585"]
[Result "1-0"]
[Round "07"]
[TimeControl "180+2"]
[Date "2023.05.23"]
[WhiteClock "0:01:40"]
[BlackClock "0:00:36"]

1. e4 d5 2. exd5 Qxd5 3. Nc3 Qa5 4. d4 Nf6 5. Bd2 Bf5 6. Bc4 c6 7. Qe2 Nbd7 8. O-O-O Qc7 9. Nf3 e6 10. Ne5 Nxe5 11. dxe5 Nd7 12. g4 Bg6 13. f4 O-O-O 14. Rhf1 h6 15. f5 Bh7 16. fxe6 Nxe5 17. exf7 Nxc4 18. Qxc4 Bd6 19. Be3 Rhf8 20. Bxa7 b5 21. Qe6+ Qd7 22. Rxd6 1-0


[Site "https://www.chess.com"]

[Event "Titled Tuesday Blitz May 23 Early 2023"]
[White "Tasev, Dejan"]
[Black "Sychev, Klementy"]
[WhiteFideId "936618"]
[BlackFideId "4114060"]
[WhiteElo "2244"]
[BlackElo "2583"]
[Result "1-0"]
[Round "07"]
[TimeControl "180+2"]
[Date "2023.05.23"]
[WhiteClock "0:00:44"]
[BlackClock "0:00:00"]

1. e4 e5 2. Nf3 Nc6 3. Bc4 Nf6 4. d3 Bc5 5. Nc3 h6 6. Bb3 a6 7. h3 d6 8. Be3 Be6 9. Qd2 Bxb3 10. axb3 Bb4 11. O-O d5 12. exd5 Nxd5 13. Qe1 O-O 14. Bd2 Re8 15. Nxd5 Bxd2 16. Qxd2 Qxd5 17. Rfe1 Re6 18. Ra4 Rae8 19. Rg4 f5 20. Rg3 Kh8 21. Qc3 b5 22. b4 Kh7 23. Ra1 Ra8 24. Re1 Qd6 25. Qb3 Rae8 26. c3 e4 27. dxe4 fxe4 28. Nh2 Qf4 29. Qc2 Rd8 30. Rg4 Qf5 31. Rgxe4 Rde8 32. f3 Ne5 33. Qe2 Ng6 34. Rxe6 Nf4 35. Qe4 1-0


[Site "https://www.chess.com"]